 Dungeon Crawl Stone Soup version 0.27-a0-1136-g0b992a5a9d (webtiles) character file.

Game seed: 4969147992703375803

1091 Morbidden the Slasher (level 8, -4/60 HPs)
             Began as a Demonspawn Fighter on May 5, 2021.
             Was a Follower of Okawaru.
             Slain by an ogre
             ... wielding a +0 giant spiked club
              (7 damage)
             ... on level 5 of the Dungeon.
             The game lasted 00:08:25 (6359 turns).

Morbidden the Slasher (Demonspawn Fighter)          Turns: 6359, Time: 00:08:26

Health: -4/60      AC: 12    Str: 16    XL:     8   Next: 9%
Magic:  0/11       EV:  5    Int: 13    God:    Okawaru [*.....]
Gold:   118        SH:  9    Dex: 15    Spells: 10/11 levels left

rFire    . . .     SeeInvis .   a - +0 long sword
rCold    . . .     Faith    .   c - +0 kite shield
rNeg     . . .     Spirit   +   x - +0 chain mail
rPois    .         Reflect  .   (helmet restricted)
rElec    .         Harm     .   (no cloak)
rCorr    .         Rampage  .   u - +2 pair of gloves {Dex+3}
Will     .....                  (no boots)
Stlth    ..........             f - amulet of guardian spirit
HPRegen  0.20/turn              (no ring)
MPRegen  0.12/turn              (no ring)

@: no status effects
A: horns 2, foul stench 1, demonic magic 2
a: Renounce Religion, Heroism


You were on level 5 of the Dungeon.
You worshipped Okawaru.
Okawaru was aware of your devotion.
You visited 2 branches of the dungeon, and saw 7 of its levels.

You collected 173 gold pieces.
You spent 55 gold pieces at shops.

Inventory:

Hand Weapons
 a - a +0 long sword (weapon)
 b - a +0 hunting sling
Missiles
 k - 67 sling bullets
Armour
 c - a +0 kite shield (worn)
 u - a +2 pair of gloves of dexterity (worn)
 x - a +0 chain mail (worn)
Jewellery
 f - an amulet of guardian spirit (around neck)
Wands
 d - a wand of iceblast (7)
Scrolls
 e - a scroll of magic mapping {unknown}
 g - a scroll of enchant armour {unknown}
 h - a scroll of summoning {unknown}
 i - 2 scrolls of teleportation
 j - a scroll of holy word {unknown}
 m - 2 scrolls of enchant weapon {unknown}
 n - 3 scrolls of fog {unknown}
 o - a scroll of brand weapon {unknown}
 q - a scroll of amnesia {unknown}
 v - a scroll of fear {unknown}
Potions
 s - a potion of heal wounds
 w - a potion of mutation {unknown}


   Skills:
 * Level 4.2 Fighting
 * Level 5.3 Long Blades
 + Level 1.3 Slings
 + Level 3.7 Armour
 * Level 2.3 Dodging
 + Level 0.5 Stealth
 + Level 3.3 Shields
 * Level 2.3 Spellcasting
 * Level 2.2 Conjurations
 * Level 3.3 Invocations


You had 10 spell levels left.
You knew the following spells:

 Your Spells              Type           Power      Damage    Failure   Level
a - Magic Dart            Conj           28%        1d4       100%        1

Your spell library contained the following spells:

 Spells                   Type           Power      Damage    Failure   Level
 Animate Skeleton         Necr           2%         N/A       100%        1
 Apportation              Tloc           2%         N/A       100%        1
 Corona                   Hex            1%         N/A       100%        1
 Pain                     Necr           4%         1d4       100%        1
 Summon Small Mammal      Summ           4%         N/A       100%        1
 Blink                    Tloc           N/A        N/A       100%        2
 Call Imp                 Summ           1%         N/A       100%        2
 Slow                     Hex            1%         N/A       100%        2
 Conjure Flame            Conj/Fire      4%         6-21      100%        3
 Inner Flame              Hex/Fire       1%         N/A       100%        3
 Mephitic Cloud           Conj/Pois/Air  3%         N/A       100%        3
 Portal Projectile        Hex/Tloc       2%         N/A       100%        3
 Vampiric Draining        Necr           0%         2d6       100%        3
 Animate Dead             Necr           0%         N/A       100%        4
 Cause Fear               Hex            0%         N/A       100%        4
 Leda's Liquefaction      Hex/Erth       0%         N/A       100%        4
 Agony                    Necr           1%         N/A       100%        5


Dungeon Overview and Level Annotations

Branches:
Dungeon (6/15)             Temple (1/1) D:5

Altars:
Cheibriados
Dithmenos
Elyvilon
Hepliaklqana
Kikubaaqudgha
Nemelex Xobeh
Okawaru
Qazlal
Ru
Trog
Uskayaw
Wu Jian
Xom
Zin

Shops:
D:3 !   D:4 (

Annotations:
D:2 1 runed translucent door, Crazy Yiuf
D:3 1 runed translucent door, LordDeathwing's ghost, amateur DrFi
D:5 Dowan


Innate Abilities, Weirdness & Mutations

You have a pair of horns on your head.
You may rarely emit foul miasma when damaged in melee.
Spells you cast may paralyse nearby enemies.


Message History

Okawaru accepts your kill.
Your transformation is almost over.
You block Dowan's attack.
You closely miss Dowan. You block Dowan's attack.
Dowan hits you but does no damage.
Unknown command.
You miss Dowan. You block Dowan's attack. x2
Unknown command.
You hit Dowan but do no damage. You block Dowan's attack.
Dowan hits you but does no damage.
Unknown command.
You closely miss Dowan. Dowan hits you but does no damage.
Dowan gestures wildly while chanting.
Dowan blinks!
Unknown command.
You hit the ogre.
The ogre is lightly wounded.
The ogre hits you with a +0 giant spiked club!
* * * LOW HITPOINT WARNING * * *
Unknown command.
You hit the ogre.
The ogre is moderately wounded.
You block the ogre's attack.
You hit the ogre but do no damage.
The ogre is moderately wounded.
You feel less wooden.
Your +2 pair of gloves of dexterity unmelds from your body.
Your +0 chain mail unmelds from your body.
You feel agile.
Dowan casts a spell.
Dowan blinks!
The ogre hits you but does no damage.
You completely miss the ogre.
The ogre is moderately wounded.
The ogre hits you with a +0 giant spiked club!!
* * * LOW HITPOINT WARNING * * *
Unknown command.
Dowan mumbles some strange words.
Dowan blinks!
The ogre hits you with a +0 giant spiked club!
You die...

#..... #.#.## #...#
##...# ####....#
........# ##.###..#
###############.####..#
.......@O.e........)..#
####################.##
###


You could see an ogre and Dowan (fast).

Vanquished Creatures
  Grinder (D:4)
  A water moccasin (D:5)
  Duvessa (D:5)
  2 phantoms
  A scorpion (D:4)
  A gnoll shaman (D:3)
  2 hounds
  2 iguanas
  Ijyb (D:4)
  Natasha (twice) (D:3)
  An orc wizard (D:3)
  A hound skeleton (D:5)
  A howler monkey zombie (D:5)
  A howler monkey skeleton (D:5)
  5 adders
  4 gnolls (D:4)
  A white imp (D:6)
  3 worms
  A dart slug (D:4)
  14 orcs
  7 endoplasms
  3 giant cockroaches
  5 goblins
  8 hobgoblins
  7 jackals
  6 quokkas
  6 ball pythons
  3 bats
  2 frilled lizards
  8 kobolds
  8 rats
109 creatures vanquished.

Vanquished Creatures (others)
  4 fungi (D:2)
  7 plants (D:6)
11 creatures vanquished.

Grand Total: 120 creatures vanquished

Notes
Turn   | Place    | Note
-------+----------+-------------------------------------------
     0 | D:1      | Morbidden the Demonspawn Fighter began the quest for the
                  | Orb.
     0 | D:1      | Reached XP level 1. HP: 18/18 MP: 1/1
   264 | D:1      | Reached skill level 2 in Long Blades
   266 | D:1      | Gained mutation: Spells you cast may paralyse adjacent
                  | enemies. [demonic ancestry]
   266 | D:1      | Reached XP level 2. HP: 15/24 MP: 0/2
  1034 | D:2      | Gained mutation: You may rarely emit foul miasma when
                  | damaged in melee. [demonic ancestry]
  1034 | D:2      | Reached XP level 3. HP: 20/29 MP: 3/3
  2273 | D:2      | Found a runed translucent door.
  2274 | D:2      | Noticed Crazy Yiuf
  2316 | D:3      | Found a runed translucent door.
  2324 | D:3      | Noticed LordDeathwing's ghost (amateur DrFi)
  2442 | D:3      | Found Luutafos's Distillery.
  2487 | D:3      | Reached skill level 3 in Long Blades
  2510 | D:3      | Noticed Natasha
  2580 | D:3      | Killed Natasha
  2581 | D:3      | Reached XP level 4. HP: 24/35 MP: 4/4
  2796 | D:3      | Reached skill level 1 in Dodging
  2982 | D:3      | Learned a level 1 spell: Magic Dart
  2997 | D:3      | You fall into a shaft and drop 3 floors!
  3109 | D:6      | Noticed a phantom
  3117 | D:6      | Killed a phantom
  3118 | D:6      | Reached skill level 1 in Spellcasting
  3118 | D:6      | Gained mutation: You have a pair of small horns on your
                  | head. [demonic ancestry]
  3118 | D:6      | Reached XP level 5. HP: 35/41 MP: 6/6
  3156 | D:6      | Reached skill level 1 in Slings
  3174 | D:6      | Reached skill level 4 in Long Blades
  3174 | D:6      | Gained mutation: You have a pair of horns on your head.
                  | [demonic ancestry]
  3174 | D:6      | Reached XP level 6. HP: 24/47 MP: 4/7
  3452 | D:5      | Entered Level 5 of the Dungeon
  3482 | D:5      | Noticed Duvessa
  3482 | D:5      | Noticed Dowan
  3490 | D:5      | Found a staircase to the Ecumenical Temple.
  3502 | Temple   | Entered the Ecumenical Temple
  3512 | Temple   | Became a worshipper of Warmaster Okawaru
  3544 | D:5      | Noticed a water moccasin
  3544 | D:5      | Noticed Grinder
  3546 | D:5      | Paralysed by Grinder for 3 turns
  3559 | D:4      | Noticed Ijyb
  3569 | D:4      | Killed Ijyb
  3930 | D:4      | Reached skill level 1 in Invocations
  4018 | D:4      | Reached skill level 1 in Conjurations
  4412 | D:4      | Gained mutation: Spells you cast may paralyse nearby
                  | enemies. [demonic ancestry]
  4412 | D:4      | Reached XP level 7. HP: 52/54 MP: 9/9
  4673 | D:4      | Found Kebi's Weapon Emporium.
  5233 | D:3      | Noticed Natasha
  5251 | D:3      | Killed Natasha
  5889 | D:3      | Bought a potion of heal wounds for 55 gold pieces
  6043 | D:4      | Paralysed by Grinder for 5 turns
  6052 | D:4      | Killed Grinder
  6052 | D:4      | Reached * piety under Okawaru
  6309 | D:5      | Reached skill level 5 in Long Blades
  6333 | D:5      | Killed Duvessa
  6334 | D:5      | Reached XP level 8. HP: 31/60 MP: 8/11
  6348 | D:5      | HP: 1/60 [ogre/+0 giant spiked club (16)]
  6359 | D:5      | Slain by an ogre

Illustrated notes

Levels and vault maps discovered:
D:1:      nicolae_arrival_washed_ashore, layout_basic
D:2:      layout_basic, uniq_crazy_yiuf_cottage
D:3:      minmay_bubble_buster, layout_loops_ring, serial_shops,
          nicolae_shop_waterfront, ebering_ghost_reflecting_pool,
          kennysheep_generic_room_9, uniq_natasha
D:4:      layout_layer_cave, serial_shops, nicolae_shop_waterfront, uniq_ijyb
D:5:      layout_basic, minmay_temple_entry_overgrown, uniq_duvessa,
          uniq_grinder, uniq_edmund
D:6:      layout_gridville, serial_bayou, serial_bayou_pond_c,
          serial_bayou_ford_a, serial_bayou_pond_e, serial_bayou_pond_d
Temple:   dpeg_three_leaves_temple

Skill      XL: |  1  2  3  4  5  6  7 |
---------------+----------------------+-----
Long Blades    | 2 3 4 5 |  5.3
Dodging        | 1 2 |  2.3
Armour         | 3 |  3.7
Shields        | 3 |  3.3
Spellcasting   | 1 2 |  2.3
Slings         | 1 |  1.3
Invocations    | 2 3 |  3.3
Fighting       | 4 |  4.2
Conjurations   | 1 2 |  2.2
Stealth        | |  0.5

Action                   |  1- 3 |  4- 6 |  7- 9 || total
-------------------------+-------+-------+-------++-------
Melee: Long sword        |   132 |   116 |   149 ||   397
       Headbutt          |       |    21 |    27 ||    48
 Fire: Hunting sling     |     3 |       |       ||     3
Invok: Heroism           |       |       |     1 ||     1
Evoke: Wand              |       |       |     2 ||     2
  Use: Potion            |       |     1 |     5 ||     6
       Scroll            |       |     2 |       ||     2
Armor: Scale mail        |    70 |    32 |    34 ||   136
       Chain mail        |       |       |    54 ||    54
       Skin              |       |       |     7 ||     7
Dodge: Dodged            |    67 |    35 |    36 ||   138
Block: Kite shield       |    74 |    54 |    83 ||   211
       Rpst.: Long sword |    20 |    12 |    12 ||    44

Table legend: (Time is in decaauts)
 A = Elapsed time spent in this place.
 B = Non-inter-level travel time spent in this place.
 C = Inter-level travel time spent in this place.
 D = Time resting spent in this place.
 E = Time spent auto-exploring this place.
 F = Levels seen in this place.
 G = Mean time per level.
                   A        B        C        D        E       F      G
               +--------+--------+--------+--------+--------+-----+--------+
         Total |   6547 |   6399 |    148 |    544 |   4617 |   7 |  935.3 |
       Dungeon |   6526 |   6378 |    148 |    544 |   4617 |   6 | 1087.7 |
        Temple |     20 |     20 |      0 |      0 |      0 |   1 |   20.0 |
               +--------+--------+--------+--------+--------+-----+--------+

Top non-repeatable levels by time:
     D:4: 1942 daAuts
     D:3: 1532 daAuts
     D:2: 1353 daAuts
     D:1: 1056 daAuts
     D:6: 468 daAuts
     D:5: 172 daAuts
  Temple: 20 daAuts
